 Dungeon Crawl Stone Soup version 0.30-a0-618-gd6c86c23d0 (webtiles) character file.

Game seed: 4245063824487352084

193 bmack86 the Trooper (level 5, -4/48 HPs)
             Began as a Minotaur Fighter on Jan 10, 2023.
             Killed by nerve-wracking pain
             ... invoked by Jessica
              (7 damage)
             ... on level 3 of the Dungeon.
             The game lasted 00:07:11 (1705 turns).

bmack86 the Trooper (Minotaur Fighter)              Turns: 1705, Time: 00:07:12

Health: -4/48      AC:  8    Str: 22    XL:     5   Next: 43%
Magic:  4/4        EV:  9    Int:  5    God:
Gold:   186        SH:  4    Dex: 10    Spells: 4/4 levels left

rFire   . . .      SeeInvis .    a - +0 war axe
rCold   . . .      Faith    .    c - +0 buckler
rNeg    . . .      Spirit   .    b - +0 scale mail
rPois   .          Reflect  .    (helmet restricted)
rElec   .          Harm     .    (no cloak)
rCorr   .          Rampage  .    (no gloves)
Will    .....                    l - +0 pair of boots Stlth
                                 (no amulet)
HPRegen 0.28/turn                (no ring)
MPRegen 0.09/turn                (no ring)

@: no status effects
A: horns 2, retaliatory headbutt
a: no special abilities


You were on level 3 of the Dungeon.
You visited 1 branch of the dungeon, and saw 3 of its levels.

You collected 186 gold pieces.

Inventory:

Hand Weapons
 a - a +0 war axe (weapon)
Missiles
 f - a silver javelin (quivered)
Armour
 b - a +0 scale mail (worn)
 c - a +0 buckler (worn)
 l - a +0 pair of boots (worn)
Wands
 r - a wand of iceblast (9)
Scrolls
 h - a scroll of torment {unknown}
 i - a scroll of silence {unknown}
 j - a scroll of fog {unknown}
 k - 3 scrolls of teleportation {unknown}
 o - 3 scrolls of identify {unknown}
 p - a scroll of enchant weapon {unknown}
 q - a scroll of noise {unknown}
 t - a scroll of poison {unknown}
Potions
 d - a potion of might
 e - a potion of invisibility
 g - a potion of heal wounds {unknown}
 m - 2 potions of berserk rage {unknown}
 n - a potion of ambrosia {unknown}
 s - a potion of curing
 u - a potion of haste {unknown}


   Skills:
 * Level 5.0 Fighting
 * Level 4.3 Axes
 + Level 1.4 Throwing
 + Level 4.3 Armour
 + Level 4.3 Shields


You had 4 spell levels left.
You didn't know any spells.
Your spell library contained the following spells:

 Spells                   Type           Power      Damage    Failure   Level
 Apportation              Tloc           0%         N/A       87%         1
 Necrotise                Necr           0%         1d4       87%         1
 Summon Small Mammal      Summ           0%         N/A       87%         1


Dungeon Overview and Level Annotations

Branches:
Dungeon (3/15)

Altars:
Ashenzari

Annotations:
D:3 Grinder, Jessica


Innate Abilities, Weirdness & Mutations

You have a pair of horns on your head.
You reflexively headbutt those who attack you in melee.


Message History

Throw: 4 javelins (silver)
Press: ? - help, Q - select action, (/) - cycle Shift-Dir - straight line, f/p - Grinder
Aim: Grinder (severely wounded, 53% to hit, chaotic)
You throw a silver javelin.
The silver javelin closely misses Grinder.
Grinder blinks!
Something hits you.
You hear some strange, mumbled words.
Pain shoots through your body!
* * * LOW HITPOINT WARNING * * *
You miss something. Something hits you but does no damage.
You hear some strange, mumbled words.
You barely miss something. Something hits you but does no damage.
Throw: 3 javelins (silver)
Press: ? - help, Q - select action, (/) - cycle Shift-Dir - straight line, f/p - Grinder
Aim: Grinder (severely wounded, 53% to hit, chaotic)
You throw a silver javelin.
The silver javelin closely misses Grinder.
You hear some strange, mumbled words.
Grinder gestures at you. Pain shoots through your body!
* * * LOW HITPOINT WARNING * * *
Grinder drinks a potion.
Grinder is healed!
Something hits you but does no damage.
Throw: 2 javelins (silver)
Press: ? - help, Q - select action, (/) - cycle Shift-Dir - straight line, f/p - Grinder
Aim: Grinder (moderately wounded, 53% to hit, chaotic)
You throw a silver javelin.
The silver javelin pierces through Grinder but does no damage.
The silver sears Grinder!
Grinder is heavily wounded.
Something hits you.
* * * LOW HITPOINT WARNING * * *
Something hits you.
* * * LOW HITPOINT WARNING * * *
Grinder blinks!
You closely miss something. Something hits you.
* * * LOW HITPOINT WARNING * * *
You hear some strange, mumbled words.
Pain shoots through your body!
You die...

...(. #. #.# .(.. ####
#.###.# .5. ...# #.....#
... ...# #.....# #.#
...#####.....# #.#
##...........###.# .#
.##.####.....#...###...#
..#..#.........{@......#
####...####.##########.#
...#...#......#
._.#...#.#.....#
...#...#.#.....#
####...#.#.....#
..#..#..<........
.##.##.####......♣
##.....#..#.#......


You could see Grinder.

Vanquished Creatures
  Ijyb (D:3)
  Robin (D:2)
  3 gnolls (D:2)
  4 adders (D:2)
  A worm (D:3)
  3 dart slugs
  9 endoplasms
  4 giant cockroaches
  8 hobgoblins
  11 kobolds
  3 quokkas (D:2)
  3 ball pythons
  4 bats
  2 frilled lizards
  12 goblins
  11 rats
80 creatures vanquished.

Vanquished Creatures (others)
  3 plants (D:1)
3 creatures vanquished.

Grand Total: 83 creatures vanquished

Notes
Turn   | Place    | Note
-------+----------+-------------------------------------------
     0 | D:1      | bmack86 the Minotaur Fighter began the quest for the Orb.
     0 | D:1      | Reached XP level 1. HP: 19/19 MP: 0/0
   123 | D:1      | Reached XP level 2. HP: 27/27 MP: 1/1
   225 | D:1      | Found a faded altar of an unknown god.
   269 | D:1      | Reached skill level 4 in Fighting
   725 | D:1      | Reached XP level 3. HP: 33/33 MP: 2/2
   799 | D:2      | Noticed Robin
   807 | D:2      | Killed Robin
   808 | D:2      | Reached skill level 1 in Throwing
   808 | D:2      | Reached XP level 4. HP: 25/41 MP: 3/3
  1113 | D:2      | Reached XP level 5. HP: 46/47 MP: 4/4
  1406 | D:3      | Noticed Ijyb
  1413 | D:3      | Killed Ijyb
  1414 | D:3      | Reached skill level 5 in Fighting
  1483 | D:3      | Found a broken altar of Ashenzari.
  1686 | D:3      | Noticed Jessica
  1688 | D:3      | Noticed Grinder
  1705 | D:3      | Killed from afar by Jessica

Illustrated notes

Levels and vault maps discovered:
D:1:      dpeg_arrival_houses_and_road, layout_loops_cross,
          shapermc_ecumenical_altar_mp_ritualfount, chequers_garden,
          grunt_decor_junction, feat_on_display
D:2:      layout_rooms, minmay_hexomino_p4, uniq_robin
D:3:      layout_basic, mainiacjoe_overflow_small_starburst,
          nicolae_ashenzari_skybound, st_stairs_10, kennysheep_generic_room_8,
          uniq_grinder, uniq_pargi, uniq_ijyb, uniq_jessica

Skill      XL: |  1  2  3  4  5 |
---------------+----------------+-----
Fighting       | 4 5 |  5.0
Axes           | 3 4 |  4.3
Shields        | 4 |  4.3
Armour         | 4 |  4.3
Throwing       | 1 |  1.4

Action                   |  1- 3 |  4- 6 || total
-------------------------+-------+-------++-------
Melee: War axe           |    54 |    82 ||   136
       Headbutt          |     8 |    12 ||    20
Throw: Javelin           |       |    19 ||    19
Armor: Scale mail        |    43 |    50 ||    93
Dodge: Dodged            |    29 |    46 ||    75
Block: Buckler           |    20 |    19 ||    39

Table legend: (Time is in decaauts)
 A = Elapsed time spent in this place.
 B = Non-inter-level travel time spent in this place.
 C = Inter-level travel time spent in this place.
 D = Time resting spent in this place.
 E = Time spent auto-exploring this place.
 F = Levels seen in this place.
 G = Mean time per level.
                   A        B        C        D        E       F      G
               +--------+--------+--------+--------+--------+-----+--------+
         Total |   1762 |   1727 |     35 |      0 |   1021 |   3 |  587.3 |
       Dungeon |   1762 |   1727 |     35 |      0 |   1021 |   3 |  587.3 |
               +--------+--------+--------+--------+--------+-----+--------+

Top non-repeatable levels by time:
     D:1: 793 daAuts
     D:2: 614 daAuts
     D:3: 355 daAuts
